 Dungeon Crawl Stone Soup version 0.18-a0-1747-g18c4181 (webtiles) character file.

1092 lolka the Spear-Bearer (level 8, -4/63 HPs)
             Began as a Centaur Fighter on Apr 12, 2016.
             Was a Follower of Okawaru.
             Slain by an orc warrior
             ... wielding a +0 halberd of venom
              (9 damage)
             ... on level 5 of the Dungeon.
             The game lasted 00:15:15 (5802 turns).

lolka the Spear-Bearer (Centaur Fighter)            Turns: 5802, Time: 00:15:16

Health: -4/63      AC:  7    Str: 21    XL:     8   Next: 9%
Magic:  8/8        EV:  3    Int:  7    God:    Okawaru [*.....]
Gold:   217        SH:  0    Dex:  9    Spells: 0 memorised, 7 levels left

rFire  . . .     SeeInvis .     a - +0 trident
rCold  . . .     Gourm    .     b - +0 scale mail
rNeg   . . .     Faith    .     j - +0 large shield
rPois  .         Spirit   .     (no helmet)
rElec  .         Dismiss  +     (no cloak)
rCorr  .         Reflect  .     l - +0 pair of gloves
SustAt .         Harm     .     (no barding)
MR     +....                    e - amulet of dismissal
Stlth  ..........               (no ring)
                                c - ring of protection from magic

@: confused, lethally poisoned (-4 -> -21), very quick, somewhat resistant to
hostile enchantments, extremely unstealthy
A: hooves 3, deformed body, speed 2, tough skin 3, wild magic 1
a: Heroism, Renounce Religion


You were on level 5 of the Dungeon.
You worshipped Okawaru.
Okawaru was aware of your devotion.
You were not hungry.

You visited 2 branches of the dungeon, and saw 7 of its levels.

You collected 217 gold pieces.

Inventory:

Hand Weapons
 a - a +0 trident (weapon)
 y - a +0 halberd
Missiles
 D - 6 tomahawks (quivered)
Armour
 b - a +0 scale mail (worn)
 j - a +0 large shield (worn)
 l - a +0 pair of gloves (worn)
Jewellery
 c - a ring of protection from magic (left hand)
 e - an amulet of dismissal (around neck)
Wands
 w - a wand of iceblast (0/15)
Scrolls
 n - a scroll of remove curse
 v - 2 scrolls of amnesia
Potions
 d - a potion of cancellation
 g - a potion of magic {unknown}
 o - a potion of mutation {unknown}
 p - a potion of haste
 u - 2 potions of flight
 x - a potion of heal wounds {unknown}
 z - 2 potions of ambrosia
 A - a potion of degeneration {unknown}
 G - a potion of agility {unknown}
Comestibles
 f - 4 bread rations
 h - 2 chunks of flesh
 k - 2 slices of pizza
 m - a meat ration


   Skills:
 - Level 3.0 Fighting
 + Level 8.9 Polearms
 - Level 2.1 Armour
 - Level 2.1 Shields


You had 7 spell levels left.
You didn't know any spells.

Dungeon Overview and Level Annotations

Branches:
Dungeon (6/15)             Temple (1/1) D:5

Altars:
Ashenzari
Dithmenos
Fedhas
Makhleb
Nemelex Xobeh
Okawaru
Qazlal
Ru
Sif Muna
Trog
Yredelemnul
The Shining One

Annotations:
D:3 Grinder
D:6 Dowan; Duvessa; andalon's ghost, novice MiFi


Innate Abilities, Weirdness & Mutations

You have hooves in place of feet.
Armour fits poorly on your strangely shaped body.
You cover ground very quickly.
You have extremely tough skin (AC +3).
Your spells are a little harder to cast, but a little more powerful.


Message History

Read which item? (? for menu, Esc to quit)
Okay, then.
Drink which item? (? for menu, Esc to quit)
You are confused.
You feel invigorated.
* * * LOW HITPOINT WARNING * * *
You feel sick.
You feel sick.
The orc warrior hits you with a halberd of venom!!
* * * LOW HITPOINT WARNING * * *
Your shield prevents you from hitting the orc warrior.
The orc warrior is severely wounded.
* * * LOW HITPOINT WARNING * * *
You feel very sick.
You're too confused!
You bump into the rock wall.
* * * LOW HITPOINT WARNING * * *
You feel sick.
The orc warrior hits you with a halberd of venom!
You die...

###########
#.......@.#
#.#######o#
#.##....#.#
#.##.##.#.#
#.##.##.#.#
#.##.##.#.# #####
#.#.......#
....#####.####.####
.....).....†>o....#


You could see an orc warrior.

Vanquished Creatures
  Sigmund (D:3)
  The ghost of eragonby the Covered, an amateur HOFi of Elyvilon (D:3)
  An ogre (D:5)
  A necrophage (D:6)
  2 howler monkeys (D:5)
  A jelly (D:4)
  3 hounds
  A giant frog skeleton (D:5)
  2 orc priests
  An orc wizard (D:6)
  2 worker ants (D:4)
  8 adders
  8 gnolls
  2 oozes
  A worm (D:2)
  2 dart slugs
  4 giant geckos
  12 orcs
  2 ball pythons (D:1)
  5 giant cockroaches
  7 goblins
  6 hobgoblins
  6 jackals
  6 quokkas
  4 bats
  A giant gecko skeleton (D:6)
  8 giant newts
  3 kobolds (D:1)
  A quokka skeleton (D:5)
  10 rats
112 creatures vanquished.

Notes
Turn   | Place    | Note
--------------------------------------------------------------
     0 | D:1      | lolka the Centaur Fighter began the quest for the Orb.
     0 | D:1      | Reached XP level 1. HP: 19/19 MP: 1/1
    17 | D:1      | Reached skill level 2 in Polearms
   160 | D:1      | Reached XP level 2. HP: 8/26 MP: 2/2
   486 | D:1      | Reached skill level 3 in Polearms
   643 | D:1      | Reached XP level 3. HP: 27/31 MP: 3/3
  1517 | D:2      | Reached XP level 4. HP: 34/38 MP: 4/4
  1595 | D:2      | Reached skill level 4 in Polearms
  1682 | D:3      | Found a sacrificial altar of Ru.
  1768 | D:3      | Found a glowing golden altar of the Shining One.
  1800 | D:3      | Found a blossoming altar of Fedhas.
  1813 | D:3      | Noticed eragonby's ghost (amateur HOFi)
  1903 | D:3      | Killed eragonby's ghost
  1903 | D:3      | Reached skill level 5 in Polearms
  1903 | D:3      | Reached XP level 5. HP: 30/45 MP: 5/5
  2207 | D:3      | Noticed Grinder
  2275 | D:3      | Noticed Sigmund
  2292 | D:3      | Killed Sigmund
  2292 | D:3      | Reached skill level 6 in Polearms
  2292 | D:3      | Reached XP level 6. HP: 16/51 MP: 6/6
  2572 | D:4      | Found a shadowy altar of Dithmenos.
  2933 | D:4      | Reached skill level 7 in Polearms
  2933 | D:4      | Reached XP level 7. HP: 39/57 MP: 7/7
  3404 | D:4      | Found a sparkling altar of Nemelex Xobeh.
  3673 | D:5      | Entered Level 5 of the Dungeon
  3696 | D:5      | Found a staircase to the Ecumenical Temple.
  3707 | Temple   | Entered the Ecumenical Temple
  3720 | Temple   | Became a worshipper of Warmaster Okawaru
  4514 | D:5      | Reached skill level 8 in Polearms
  4613 | D:5      | Gained mutation: Your spells are a little harder to cast, but a little more powerful. [potion of beneficial mutation]
  4704 | D:5      | Found a deep blue altar of Sif Muna.
  4901 | D:6      | Noticed andalon's ghost (novice MiFi)
  5552 | D:6      | Noticed Duvessa
  5553 | D:6      | Noticed Dowan
  5654 | D:5      | Reached * piety under Okawaru
  5654 | D:5      | Reached XP level 8. HP: 50/63 MP: 8/8
  5800 | D:5      | HP: 2/63 [orc warrior/halberd of venom (18)]
  5802 | D:5      | Slain by an orc warrior

Vault maps used:
D:1:      lemuel_arrival_rhombus
D:3:      marbit_many_paths, fedhas_altar_2, old_standard_altar, uniq_sigmund,
          uniq_grinder
D:4:      wad_lake_hut, nicolae_dithmenos_through_a_glass_darkly, nemelex_deck,
          first_bread
D:5:      led_sif_pool, minmay_temple_entry_statues_fountains
D:6:      basic_altar, uniq_duvessa
Temple:   water_room_temple_b_12

Skill      XL: |  1  2  3  4  5  6  7 |
---------------+----------------------+-----
Polearms       | 2 3 5 6 7 8 |  8.9
Fighting       | |  3.0
Armour         | |  2.1
Shields        | |  2.1

Action                   |  1- 3 |  4- 6 |  7- 9 || total
-------------------------+-------+-------+-------++-------
Melee: Trident           |   170 |   168 |   248 ||   586
       Kick              |    28 |    27 |    38 ||    93
Invok: Heroism           |       |       |     1 ||     1
Evoke: Club              |       |       |     2 ||     2
  Use: Scroll            |     1 |       |     8 ||     9
       Potion            |       |     2 |     8 ||    10
  Eat: Chunk             |     1 |     4 |     6 ||    11
       Beef jerky        |       |       |     2 ||     2
Armor: Scale mail        |    90 |    41 |    72 ||   203
Dodge: Dodged            |    26 |    11 |    17 ||    54
Block: Large shield      |   123 |    67 |   151 ||   341
       Shield            |     2 |       |       ||     2
